 Dungeon Crawl Stone Soup version 0.30.1-9-gdf580d7c3d (webtiles) character file.

Game seed: 12675890114553056590

103 lonewolfV2 the Shield-Bearer (level 4, -1/35 HPs)
             Began as a Demonspawn Fighter on Oct 23, 2023.
             Slain by a hobgoblin
             ... wielding a +0 halberd
              (7 damage)
             ... on level 3 of the Dungeon.
             The game lasted 00:03:27 (1921 turns).

lonewolfV2 the Shield-Bearer (Demonspawn Fighter)   Turns: 1921, Time: 00:03:28

Health: -1/35      AC: 10    Str: 19    XL:     4   Next: 51%
Magic:  4/4        EV:  7    Int:  9    God:
Gold:   74         SH:  5    Dex: 12    Spells: 3/3 levels left

rFire   . . .        a - +0 war axe
rCold   . . .        c - +0 buckler
rNeg    . . .        e - +0 chain mail
rPois   .            (no helmet)
rElec   .            (no cloak)
rCorr   .            (no gloves)
SInv    .            g - +0 pair of boots
Will    .....        (no amulet) Stlth
                     (no ring)
HPRegen 0.25/turn    (no ring)
MPRegen 0.18/turn

%: no passive effects
@: no status effects
A: magic regeneration, demonic touch 1
a: no special abilities


You were on level 3 of the Dungeon.
You visited 1 branch of the dungeon, and saw 3 of its levels.

You collected 74 gold pieces.

Inventory:

Hand Weapons
 a - a +0 war axe (weapon)
Armour
 c - a +0 buckler (worn)
 e - a +0 chain mail (worn)
 g - a +0 pair of boots (worn)
Jewellery
 i - an amulet of faith
Scrolls
 b - a scroll of teleportation
 n - 2 scrolls of blinking
 o - a scroll of identify
Potions
 d - a potion of might
 f - a potion of berserk rage
 h - a potion of mutation
 j - a potion of lignification {unknown}
 k - a potion of brilliance {unknown}
 l - 2 potions of heal wounds
 m - 2 potions of ambrosia {unknown}
 p - 3 potions of curing


   Skills:
 - Level 3.0 Fighting
 - Level 1.7 Axes
 + Level 3.9 Armour
 + Level 3.9 Shields


You had 3 spell levels left.
You didn't know any spells.
Your spell library contained the following spells:

 Spells                   Type           Power      Damage    Failure   Level
 Kiss of Death            Conj/Necr      0%         2d5       99%         1
 Cigotuvi's Dreadful Rot  Necr/Pois/Air  0%         N/A       99%         2
 Confusing Touch          Hex            0%         N/A       100%        3
 Ignite Poison            Fire/Tmut/Pois 0%         N/A       100%        3
 Dispel Undead            Necr           0%         3d6       100%        4
 Freezing Cloud           Conj/Ice/Air   0%         6-21      100%        5


Dungeon Overview and Level Annotations

Branches:
Dungeon (3/15)

Altars:
Gozag

Shops:
D:2 ?   D:3 =


Innate Abilities, Weirdness & Mutations

You regenerate magic rapidly.
Your touch may inflict minor irresistible damage on your foes.


Message History

You see here a potion of curing.
Found a stone staircase leading up.
The hobgoblin closely misses you. The orc priest barely misses you.
The orc hits you but does no damage.
You closely miss the hobgoblin. You closely miss the orc.
You hit the orc priest.
The hobgoblin hits you with a +0 halberd.
The orc priest hits you but does no damage.
The orc hits you but does no damage.
The orc priest mumbles some strange prayers to Beogh against you.
Beogh smites you! The hobgoblin completely misses you.
The orc barely misses you.
Unknown command.
You barely miss the hobgoblin. You slash the orc!
You kill the orc!
You closely miss the orc priest.
The hobgoblin hits you with a +0 halberd.
The orc priest hits you but does no damage.
You closely miss the hobgoblin. You barely miss the orc priest.
The hobgoblin hits you with a +0 halberd.
The orc priest hits you but does no damage.
You block the hobgoblin's attack.
The orc priest hits you but does no damage.
You hit the hobgoblin.
The hobgoblin is moderately wounded.
You hit the orc priest.
The orc priest hits you but does no damage.
The hobgoblin closely misses you.
You hit the hobgoblin.
The hobgoblin is heavily wounded.
You closely miss the orc priest. You block the hobgoblin's attack.
You block the orc priest's attack.
The hobgoblin hits you with a +0 halberd!
* * * LOW HITPOINT WARNING * * *
The orc priest hits you but does no damage.
You closely miss the hobgoblin.
The hobgoblin is heavily wounded.
You closely miss the orc priest.
The orc priest hits you but does no damage.
The hobgoblin hits you with a +0 halberd!
You die...

###..........##
....... .#.#.#.......
.....<. .(#.......##
....... ##.#........#
....... #.....#...#.#
:.... ###.......##..
..= ##........>.###
#o###..##..####....
#g@!#.###.....##)##
#.#)...##.###.##.##
#....#....# #.[..##
#....$#..###.......
.....###..............
...###.......#........
....
#................. ...
#.................. ..
#...........####...


You could see an orc priest and a hobgoblin.

Vanquished Creatures
  4 adders
  A worm (D:2)
  2 dart slugs
  2 orcs (D:3)
  4 endoplasms
  3 giant cockroaches (D:1)
  8 goblins
  5 hobgoblins
  2 jackals (D:2)
  2 quokkas
  8 ball pythons (D:1)
  3 bats
  A frilled lizard (D:1)
  4 kobolds
  5 rats
54 creatures vanquished.

Notes
Turn   | Place    | Note
-------+----------+-------------------------------------------
     0 | D:1      | lonewolfV2 the Demonspawn Fighter began the quest for the
                  | Orb.
     0 | D:1      | Reached XP level 1. HP: 18/18 MP: 1/1
   208 | D:1      | Gained mutation: Your touch may inflict minor irresistible
                  | damage on your foes. [demonic ancestry]
   208 | D:1      | Reached XP level 2. HP: 24/24 MP: 2/2
   515 | D:1      | Gained mutation: You regenerate magic rapidly. [demonic
                  | ancestry]
   515 | D:1      | Reached XP level 3. HP: 28/29 MP: 3/3
   809 | D:1      | Found a faded altar of an unknown god.
  1067 | D:2      | Found Ochiulee's Magic Scroll Emporium.
  1277 | D:2      | Found an opulent altar of Gozag.
  1440 | D:2      | Reached XP level 4. HP: 35/35 MP: 4/4
  1752 | D:3      | Found Foradyby's Jewellery Shop.
  1921 | D:3      | Slain by a hobgoblin

Illustrated notes

Levels and vault maps discovered:
D:1:      psy_arrival_fountain, layout_basic, nicolae_ecumenical_snake_handling,
          minmay_split_cup_small
D:2:      layout_loops_cross, serial_shops, nicolae_shop_real_fake_doors,
          basic_altar, minmay_stone_trees_medium
D:3:      layout_rooms, serial_shops, nicolae_shop_tiny_waterfront

Skill      XL: |  1 |
---------------+----+-----
Armour         | 3 |  3.9
Shields        | 3 |  3.9
Fighting       | |  3.0
Axes           | |  1.7

Action                     |  1- 3 |  4- 6 || total
---------------------------+-------+-------++-------
  Melee: War axe           |   103 |    48 ||   151
    Use: Scroll            |     2 |     5 ||     7
         Potion            |       |     1 ||     1
 Armour: Scale mail        |     3 |       ||     3
         Chain mail        |   111 |    40 ||   151
  Dodge: Dodged            |    45 |    21 ||    66
  Block: Buckler           |    40 |    19 ||    59
